 Dungeon Crawl Stone Soup version 0.30.1-4-g462c640d31 (webtiles) character file.

Game seed: 6506037105421316326

18226 coolio the Destroyer (level 12, -16/72 (76) HPs)
             Began as a Demonspawn Conjurer on Aug 29, 2023.
             Was a Believer of Sif Muna.
             Demolished by a pharaoh ant (30 damage)
             ... on level 2 of the Lair of Beasts.
             The game lasted 00:33:57 (17197 turns).

coolio the Destroyer (Demonspawn Conjurer)         Turns: 17197, Time: 00:33:57

HP:   -16/72 (76)   AC: 14    Str: 13    XL:     12   Next: 25%
MP:   19/23         EV: 11    Int: 23    God:    Sif Muna [**....]
Gold: 749           SH:  5    Dex: 12    Spells: 7/25 levels left

rFire   . . .        y - +9 sling of Fouclupp {heavy, Str+4}
rCold   . . .        (no shield)
rNeg    + . .        n - +2 ring mail {rPois}
rPois   +            (helmet unavailable)
rElec   .            (no cloak)
rCorr   .            c - +2 pair of gloves
SInv    +            i - +0 pair of boots
Will    .....        s - amulet of reflection
Stlth   +            j - ring of positive energy
HPRegen 0.32/turn    (no ring)
MPRegen 0.18/turn

%: reflection
@: drained
A: antennae 3, rugged brown scales 1, powered by pain 2
a: Renounce Religion, Channel Magic


You were on level 2 of the Lair of Beasts.
You worshipped Sif Muna.
Sif Muna was pleased with you.
You visited 3 branches of the dungeon, and saw 14 of its levels.
You also visited: Bailey.

You collected 1189 gold pieces.
You spent 440 gold pieces at shops.

Inventory:

Hand Weapons
 y - the +9 sling of Fouclupp (weapon) {heavy, Str+4}
   (You took it off an orc warlord in a bailey)

   Str:       It affects your strength (+4).
Missiles
 a - 2 throwing nets
Armour
 c - a +2 pair of gloves (worn)
 i - a +0 pair of boots (worn)
 n - a +2 ring mail of poison resistance (worn)
Jewellery
 f - an amulet of regeneration
 j - a ring of positive energy (left hand)
 s - an amulet of reflection (around neck)
Wands
 t - a wand of paralysis (24)
 v - a wand of polymorph (23)
 E - a wand of mindburst (6)
Scrolls
 d - 3 scrolls of identify
 g - 3 scrolls of blinking
 h - 3 scrolls of enchant weapon
 l - 2 scrolls of fog
 m - 8 scrolls of teleportation
 p - 3 scrolls of poison
 r - 2 scrolls of noise {unknown}
 B - a scroll of brand weapon
 D - a scroll of magic mapping
Potions
 b - a potion of magic
 e - 6 potions of curing
 k - a potion of resistance
 o - a potion of ambrosia {unknown}
 q - 2 potions of haste
 u - 3 potions of cancellation
 w - 5 potions of mutation
 x - 2 potions of berserk rage
 z - a potion of brilliance
 A - 2 potions of might
 C - a potion of flight


   Skills:
 + Level 6.8 Armour
 - Level 2.3 Dodging
 - Level 1.7 Stealth
 + Level 7.4 Spellcasting
 * Level 11.9 Conjurations
 - Level 7.0 Translocations
 * Level 5.1 Fire Magic
 * Level 8.2 Ice Magic


You had 7 spell levels left.
You knew the following spells:

 Your Spells              Type           Power      Damage    Failure   Level
a - Magic Dart            Conj           100%       1d8       1%          1
b - Searing Ray           Conj           100%       2d8       1%          2
c - Iskenderun's Mystic   Conj/Tloc      51%        2d11      3%          4
d - Hailstorm             Conj/Ice       53%        3d12      1%          3
f - Ozocubu's Armour      Ice            46%        N/A       1%          3
g - Fireball              Conj/Fire      23%        3d11      12%         5

Your spell library contained the following spells:

 Spells                   Type           Power      Damage    Failure   Level
 Freeze                   Ice            100%       1d10      1%          1
 Shock                    Conj/Air       100%       1d9       1%          1
 Frozen Ramparts          Ice            92%        1d14      1%          3
 Dazzling Flash           Conj/Hex       72%        N/A       3%          3
 Iskenderun's Battlesphe  Conj           59%        2d11      3%          5
 Fulminant Prism          Conj/Hex       18%        3d10      12%         4
 Necrotise                Necr           32%        1d5       14%         1
 Swiftness                Air            8%         N/A       38%         3
 Vampiric Draining        Necr           8%         2d6       38%         3
 Orb of Destruction       Conj           29%        9d9       65%         7
 Airstrike                Air            4%         2d(1-17)  80%         4
 Conjure Ball Lightning   Conj/Air       18%        3x3d6     88%         6
 Agony                    Necr           8%         N/A       98%         5
 Silence                  Hex/Air        4%         N/A       98%         5
 Ozocubu's Refrigeration  Ice            23%        4d12      99%         7


Dungeon Overview and Level Annotations

Branches:
Dungeon (11/15)            Temple (1/1) D:4            Lair (2/5) D:8
 Spider (0/4) Lair:2          Orc (0/2) D:10         Bailey (visited)
  Swamp: Lair:2-3    Shoals: Lair:2-3

Altars:
Ashenzari
Cheibriados
Dithmenos
Fedhas
Gozag
Hepliaklqana
Kikubaaqudgha
Makhleb
Nemelex Xobeh
Okawaru
Qazlal
Ru
Sif Muna
Trog
Uskayaw
Vehumet
Wu Jian
Xom
Yredelemnul

Shops:
D:1 :   D:7 (

Annotations:
D:8 Psyche


Innate Abilities, Weirdness & Mutations

You have a pair of large antennae on your head. (SInv)
You are partially covered in rugged brown scales. (AC +1, +3% HP)
You sometimes gain power by taking damage.


Message History

Aim: a tarantella (74% to hit)
The searing ray misses the tarantella. (Press . to maintain the ray.)
You block the pharaoh ant's attack.
The tarantella touches you but does no damage.
The pharaoh ant closely misses you.
The searing ray hits the tarantella!
The tarantella is moderately wounded.
You block the tarantella's attack. The pharaoh ant bites you!!
You focus on the pain.
You feel your power returning. You partially resist.
You feel drained. You block the tarantella's attack.
Unknown command.
The searing ray hits the tarantella!
The tarantella is heavily wounded.
The pharaoh ant bites you!! The tarantella touches you.
You block the pharaoh ant's attack.
Unknown command.
Casting: Searing Ray (safe; 1% risk of failure)
Confirm with . or Enter, or press ? or * to list all spells.
Restarting spell: Searing Ray (safe; 1% risk of failure)
Press: ? - help, Shift-Dir - straight line, f/p - tarantella
Aim: a tarantella (heavily wounded, 74% to hit)
The searing ray hits the tarantella.
The tarantella is severely wounded. (Press . to maintain the ray.)
The tarantella misses you. The pharaoh ant bites you.
* * * LOW HITPOINT WARNING * * *
You block the tarantella's attack.
The searing ray hits the tarantella!
The tarantella is almost dead.
The pharaoh ant completely misses you. The tarantella touches you!
* * * LOW HITPOINT WARNING * * *
You are confused.
Unknown command.
You are too confused!
You feel better. The pharaoh ant bites you!
* * * LOW HITPOINT WARNING * * *
You partially resist.
You feel drained. The tarantella misses you. The pharaoh ant bites you!!
You die...

#............##
#............#
#.##......P##
##......##
###.......##
###.###......##
#............P#
##.........#.P#
#.....@.......#
##.....Bs..##...
#..............
#####....#...#.
#....#...#
##...# .#.#
.?.... . .
..#......
..#.....


You could see a pharaoh ant and a tarantella.

Vanquished Creatures
  An orc warlord (Bailey)
  2 two-headed ogres
  An orc knight (Bailey)
  A cyclops (D:10)
  4 elephants (Lair:1)
  4 molten gargoyles (D:9)
  A cane toad (Lair:1)
  A gargoyle (D:7)
  A komodo dragon (Lair:1)
  A troll (D:10)
  2 hornets
  Prince Ribbit (D:6)
  Grinder (D:6)
  4 blink frogs (Lair:2)
  2 shadows (D:9)
  18 yaks
  A wyvern (D:8)
  6 steam dragons
  Eustachio (D:6)
  A vampire mosquito (D:7)
  Menkaure (D:6)
  3 water moccasins
  4 ice beasts
  3 sky beasts
  3 black bears
  9 orc warriors
  2 ogres
  8 centaurs
  2 phantoms
  8 bullfrogs
  A gnoll sergeant (D:7)
  4 scorpions
  5 wights (D:7)
  10 killer bees
  An electric eel (D:10)
  6 howler monkeys
  A lava snake (D:9)
  A jelly (D:6)
  3 hounds
  10 orc priests
  2 gnoll boudas
  An iguana (D:5)
  2 sleepcaps
  6 orc wizards
  Robin (D:2)
  16 gnolls
  8 adders
  A river rat (D:5)
  4 white imps
  An ufetubus (D:6)
  4 worms
  A dart slug (D:2)
  42 orcs
  7 ball pythons
  3 bats (D:1)
  3 endoplasms
  4 giant cockroaches
  20 goblins
  9 hobgoblins
  5 jackals
  A quokka (D:1)
  5 frilled lizards
  16 kobolds
  10 rats
311 creatures vanquished.

Vanquished Creatures (others)
  A steam dragon (D:9)
  An orc wizard (D:5)
2 creatures vanquished.

Grand Total: 313 creatures vanquished

Notes
Turn   | Place    | Note
-------+----------+-------------------------------------------
     0 | D:1      | coolio the Demonspawn Conjurer began the quest for the Orb.
     0 | D:1      | Reached XP level 1. HP: 13/13 MP: 3/3
   200 | D:1      | Gained mutation: You are partially covered in rugged brown
                  | scales. (AC +1, +3% HP) [demonic ancestry]
   200 | D:1      | Reached XP level 2. HP: 7/19 MP: 1/5
   441 | D:1      | Found Zuywema's Book Shoppe.
   882 | D:2      | Reached XP level 3. HP: 24/24 MP: 1/6
  1026 | D:2      | Learned a level 2 spell: Searing Ray
  1791 | D:3      | Noticed Robin
  1876 | D:2      | Killed Robin
  1877 | D:2      | Gained mutation: You sometimes gain a little power by
                  | taking damage. [demonic ancestry]
  1877 | D:2      | Reached XP level 4. HP: 24/30 MP: 3/7
  1925 | D:3      | Reached skill level 5 in Conjurations
  2683 | D:4      | Reached skill level 1 in Armour
  3018 | D:4      | Noticed a phantom
  3031 | D:4      | Killed a phantom
  3032 | D:4      | Gained mutation: You have a pair of small antennae on your
                  | head. [demonic ancestry]
  3032 | D:4      | Reached XP level 5. HP: 34/36 MP: 1/9
  3486 | D:4      | Found a staircase to the Ecumenical Temple.
  3709 | Temple   | Entered the Ecumenical Temple
  3856 | D:4      | Found a shadowy altar of Dithmenos.
  3901 | D:5      | Entered Level 5 of the Dungeon
  3968 | D:5      | Reached skill level 6 in Conjurations
  3968 | D:5      | Reached XP level 6. HP: 42/42 MP: 3/11
  4309 | D:5      | Gained mutation: You sometimes gain power by taking damage.
                  | [demonic ancestry]
  4309 | D:5      | Reached XP level 7. HP: 29/47 MP: 1/12
  4658 | D:5      | Reached skill level 7 in Conjurations
  5159 | D:5      | Gained mutation: You have a pair of antennae on your head.
                  | [demonic ancestry]
  5159 | D:5      | Reached XP level 8. HP: 51/53 MP: 5/14
  5312 | D:1      | Bought a book of Frost for 200 gold pieces
  5317 | D:1      | Learned a level 4 spell: Iskenderun's Mystic Blast
  5321 | D:1      | Learned a level 3 spell: Hailstorm
  5803 | D:6      | Noticed Grinder
  5812 | D:6      | Killed Grinder
  5813 | D:6      | Reached skill level 8 in Conjurations
  5813 | D:6      | Reached skill level 1 in Translocations
  5813 | D:6      | Reached skill level 1 in Ice Magic
  6309 | D:6      | Found a hide-covered altar of Uskayaw.
  6356 | D:6      | Reached skill level 5 in Spellcasting
  6506 | D:6      | Noticed Eustachio
  6521 | D:6      | Killed Eustachio
  6775 | D:6      | Found a hazy altar of Hepliaklqana.
  6808 | D:6      | Noticed Menkaure
  6813 | D:6      | Killed Menkaure
  6814 | D:6      | Reached XP level 9. HP: 58/58 MP: 9/16
  7016 | D:6      | Noticed Prince Ribbit
  7029 | D:6      | Killed Prince Ribbit
  7176 | D:6      | Reached skill level 9 in Conjurations
  7820 | D:6      | Found an ancient bone altar of Kikubaaqudgha.
  8284 | D:1      | Bought Ozocubu's Autobiography for 240 gold pieces
  8470 | D:7      | Found a blossoming altar of Fedhas.
  8730 | D:7      | Reached skill level 5 in Armour
  8839 | D:7      | Gained mutation: You have a pair of large antennae on your
                  | head. (SInv) [demonic ancestry]
  8839 | D:7      | Reached XP level 10. HP: 58/64 MP: 9/18
  8984 | D:7      | Reached skill level 5 in Ice Magic
  9063 | D:7      | Reached skill level 5 in Translocations
  9762 | D:7      | Noticed a gargoyle
  9770 | D:7      | Killed a gargoyle
  9771 | D:7      | Reached skill level 10 in Conjurations
  9999 | D:7      | Found Kuc Vuck's Weapon Shop.
 10124 | D:8      | Found a flagged portal.
 10141 | D:8      | Learned a level 3 spell: Frozen Ramparts
 10145 | D:8      | Learned a level 3 spell: Ozocubu's Armour
 10184 | D:8      | Found a shimmering blue altar of Sif Muna.
 10200 | D:8      | Became a worshipper of Sif Muna the Loreminder
 10218 | Bailey   | Entered a bailey
 10273 | Bailey   | Noticed an orc warlord
 10323 | Bailey   | Noticed an orc knight
 10333 | Bailey   | Killed an orc knight
 10448 | Bailey   | Found a runed translucent gate.
 10451 | Bailey   | Found a runed translucent gate.
 10452 | Bailey   | Found a runed translucent gate.
 10593 | Bailey   | Identified the +9 sling of Fouclupp {heavy, Str+4}
 10779 | Bailey   | HP: 1/64 [orc warlord/sling bullet (25)]
 10784 | Bailey   | Killed an orc warlord
 11042 | Bailey   | Acquired a book of the Spheres
 11051 | Bailey   | Learned a level 5 spell: Fireball
 11073 | D:8      | Noticed a two-headed ogre
 11086 | D:8      | Killed a two-headed ogre
 11087 | D:8      | Reached skill level 1 in Fire Magic
 11364 | D:8      | Reached XP level 11. HP: 70/70 MP: 20/20
 11476 | D:8      | Noticed Psyche
 11744 | D:8      | Found a shimmering altar of Xom.
 11824 | D:8      | Found a staircase to the Lair.
 11870 | D:8      | Found an ornate altar of the Wu Jian Council.
 11911 | D:9      | Found a bloodstained altar of Trog.
 12084 | D:9      | Reached * piety under Sif Muna
 12162 | D:9      | Noticed a two-headed ogre
 12177 | D:9      | Killed a two-headed ogre
 12883 | D:9      | Reached skill level 11 in Conjurations
 13142 | D:9      | Identified the +8 scale mail of Rationality {Harm Int+7
                  | Stlth-}
 13364 | D:10     | Entered Level 10 of the Dungeon
 13709 | D:10     | Reached ** piety under Sif Muna
 13990 | D:10     | Found a staircase to the Orcish Mines.
 15323 | Lair:1   | Entered Level 1 of the Lair of Beasts
 15728 | Lair:1   | Reached XP level 12. HP: 46/76 MP: 1/22
 16695 | Lair:1   | Reached skill level 5 in Fire Magic
 17185 | Lair:2   | Found a hole to the Spider Nest.
 17197 | Lair:2   | Demolished by a pharaoh ant

Illustrated notes

Levels and vault maps discovered:
D:1:      nicolae_arrival_memento_mori, layout_rooms, serial_shops,
          nicolae_shop_getting_attention
D:2:      layout_rooms
D:3:      layout_basic, kennysheep_big_empty_room,
          amcnicky_mini_corridor_feature, uniq_robin
D:4:      layout_loops_ring, grunt_dithmenos_smoke, minmay_temple_entry_poolview
D:5:      layout_loops_corners, lightli_sewer_entry_pipes
D:6:      minmay_polygon_palace, layout_cave_pods, lemuel_tele_altar,
          nicolae_uskayaw_dance_hall, mainiacjoe_overflow_24_doors,
          serial_bayou_pond_c, grunt_decor_arrowhead, uniq_grinder,
          uniq_menkaure, uniq_eustachio, uniq_prince_ribbit1
D:7:      layout_cave_pools, fedhas_ov_isle_minmay, serial_shops,
          nicolae_shop_just_a_little_nook, minmay_chambers_of_fives
D:8:      layout_loops_ring, nicolae_overflow_hidden_temple,
          nicolae_sif_muna_condensation, lair_entry_dummy, enter_bailey_5,
          minmay_liquid_box, uniq_psyche
D:9:      layout_loops_ring, mainiacjoe_overflow_alcove_2, minivault_8
D:10:     layout_long_grid, david_orc_5, lightli_minifort
D:11:     minmay_inside_and_out, layout_basic, enter_trove_1,
          nicolae_vehumet_radiance, uniq_grum
Temple:   dshaligram_water_room_temple
Lair:1:   layout_cave_pods
Lair:2:   layout_cellular_growth, minmay_shoals_entry_lonely_mermaid,
          nicolae_spider_entry_lesser_pyramids

Skill      XL: |  1  2  3  4  5  6  7  8  9 10 11 12 |
---------------+-------------------------------------+-----
Dodging        | 2 |  2.3
Conjurations   | 5 6 7 8 9 10 11 | 11.9
Armour         | 1 2 3 4 5 6 |  6.8
Spellcasting   | 3 4 5 6 7 |  7.4
Translocations | 3 4 6 7 |  7.0
Ice Magic      | 3 4 6 7 8 |  8.2
Fire Magic     | 1 4 5 |  5.1
Stealth        | |  1.7

Action                     |  1- 3 |  4- 6 |  7- 9 | 10-12 || total
---------------------------+-------+-------+-------+-------++-------
  Melee: Quarterstaff      |    35 |    18 |    24 |    38 ||   115
   Fire: Sling             |       |       |       |    94 ||    94
   Cast: Magic Dart        |    73 |    73 |   102 |    56 ||   304
         Searing Ray       |     1 |     7 |    56 |   110 ||   174
         Hailstorm         |       |       |       |    33 ||    33
         Frozen Ramparts   |       |       |       |     3 ||     3
         Ozocubu's Armour  |       |       |       |     4 ||     4
         Iskenderun's Myst |       |       |       |     9 ||     9
  Evoke: Wand              |       |       |     4 |    17 ||    21
    Use: Potion            |       |     5 |       |     6 ||    11
         Scroll            |       |       |    12 |    12 ||    24
   Stab: Paralysed         |       |       |       |     2 ||     2
 Armour: Robe              |     8 |       |       |       ||     8
         Ring mail         |    16 |    28 |    56 |   163 ||   263
  Dodge: Dodged            |    38 |    21 |    57 |   196 ||   312
  Block: Other             |       |     5 |    21 |    92 ||   118
         Reflection        |       |       |       |    10 ||    10
